 Dungeon Crawl Stone Soup version 0.30-a0-465-g8901f6c8b5 (webtiles) character file.

Game seed: 15316761851154222835

7478 Bnni the Reanimator (level 10, -5/76 HPs)
             Began as a Demonspawn Necromancer on Dec 18, 2022.
             Slain by an eight-headed hydra (7 damage)
             ... on level 9 of the Dungeon.
             The game lasted 00:18:10 (7891 turns).

Bnni the Reanimator (Demonspawn Necromancer)        Turns: 7891, Time: 00:18:11

Health: -5/76      AC: 15    Str:  8    XL:     10   Next: 94%
Magic:  10/17      EV: 12    Int: 20    God:
Gold:   232        SH:  0    Dex: 27    Spells: 6/19 levels left

rFire   + . .      SeeInvis .    i - +3 dagger (venom)
rCold   . . .      Faith    .    (no shield)
rNeg    . . .      Spirit   .    w - +2 leather armour {rF+}
rPois   .          Reflect  .    x - +0 helmet
rElec   .          Harm     .    K - +0 cloak
rCorr   .          Rampage  .    J - +2 pair of gloves {Stlth+}
Will    .....                    G - +0 pair of boots
Stlth   ++++++....               (no amulet)
HPRegen 0.32/turn                j - +6 ring of dexterity
MPRegen 0.30/turn                H - +6 ring of dexterity

@: animating dead
A: icy blue scales 2, magic regeneration, demonic magic 1
a: no special abilities


You were on level 9 of the Dungeon.
You visited 2 branches of the dungeon, and saw 10 of its levels.

You collected 542 gold pieces.
You spent 310 gold pieces at shops.

Inventory:

Hand Weapons
 i - a +3 dagger of venom (weapon)
Missiles
 c - 22 poisoned darts
 h - a throwing net
 E - a curare-tipped dart
Armour
 w - a +2 leather armour of fire resistance (worn)
 x - a +0 helmet (worn)
 G - a +0 pair of boots (worn)
 J - a +2 pair of gloves of stealth (worn)
 K - a +0 cloak (worn)
Magical Staves
 A - a staff of death
Jewellery
 j - a +6 ring of dexterity (left hand)
 H - a +6 ring of dexterity (right hand)
Wands
 k - a wand of digging (1)
 v - a wand of flame (11)
 y - a wand of charming (5)
 z - a wand of iceblast (4)
 I - a wand of light (16)
Scrolls
 d - 3 scrolls of immolation
 e - 3 scrolls of fear
 l - a scroll of brand weapon
 p - a scroll of poison {unknown}
 r - a scroll of summoning {unknown}
 s - 2 scrolls of teleportation {unknown}
 t - a scroll of amnesia
 u - a scroll of magic mapping
 C - a scroll of vulnerability
 F - a scroll of fog {unknown}
Potions
 a - a potion of berserk rage {unknown}
 f - 2 potions of might
 g - 4 potions of flight
 m - 2 potions of degeneration {unknown}
 n - 8 potions of curing
 o - 3 potions of mutation
 q - 3 potions of heal wounds
 B - 3 potions of brilliance
 D - a potion of resistance {unknown}


   Skills:
 + Level 6.0 Fighting
 * Level 7.7 Short Blades
 - Level 4.0 Armour
 - Level 1.7 Dodging
 * Level 8.8 Stealth
 - Level 5.2 Spellcasting
 * Level 9.1 Necromancy


You had 6 spell levels left.
You knew the following spells:

 Your Spells              Type           Power      Damage    Failure   Level
a - Necrotise             Necr           100%       1d9       1%          1
b - Agony                 Necr           42%        N/A       10%         5
c - Vampiric Draining     Necr           42%        2d9       1%          3
d - Animate Dead          Necr           42%        N/A       3%          4

Your spell library contained the following spells:

 Spells                   Type           Power      Damage    Failure   Level
 Freeze                   Ice            20%        1d4       16%         1
 Shock                    Conj/Air       20%        1d4       16%         1
 Scorch                   Fire           10%        2d5       24%         2
 Frozen Ramparts          Ice            10%        1d2       43%         3
 Hailstorm                Conj/Ice       5%         3d4       43%         3
 Swiftness                Air            5%         N/A       43%         3
 Airstrike                Air            2%         2d(1-17)  85%         4
 Flame Wave               Conj/Fire      5%         2d5       85%         4
 Summon Ice Beast         Ice/Summ       5%         N/A       85%         4
 Summon Mana Viper        Hex/Summ       5%         N/A       99%         5
 Summon Cactus Giant      Summ           2%         N/A       100%        6
 Monstrous Menagerie      Summ           2%         N/A       100%        7


Dungeon Overview and Level Annotations

Branches:
Dungeon (9/15)             Temple (1/1) D:7            Lair (0/5) D:9
    Orc: D:9-12

Altars:
Ashenzari
Cheibriados
Dithmenos
Fedhas
Gozag
Hepliaklqana
Makhleb
Nemelex Xobeh
Okawaru
Qazlal
Ru
Sif Muna
Trog
Uskayaw
Vehumet
Wu Jian
Xom
Yredelemnul

Shops:
D:3 (*   D:4 ***!   D:5 ?(([


Innate Abilities, Weirdness & Mutations

You are mostly covered in icy blue scales. (AC +3)
You regenerate magic rapidly.
Spells you cast may paralyse adjacent enemies.


Message History

Unknown command.
Magic courses through your body.
The eight-headed hydra bites you but does no damage. x2
The eight-headed hydra bites you!
The eight-headed hydra bites you but does no damage. x5
Unknown command.
Casting: Animate Dead (dangerous; 3% risk of failure)
Confirm with . or Enter, or press ? or * to list all spells.
Aiming: Agony (dangerous; 10% risk of failure)
Press: ? - help, Shift-Dir - straight line, f/p - eight-headed hydra
Aim: an eight-headed hydra (moderately wounded, chance to affect: 80%)
The eight-headed hydra convulses!
Malevolent energies surge around you.
The eight-headed hydra barely misses you.
The eight-headed hydra misses you. The eight-headed hydra bites you.
* * * LOW HITPOINT WARNING * * *
The eight-headed hydra bites you.
* * * LOW HITPOINT WARNING * * *
The eight-headed hydra bites you but does no damage. x3
The eight-headed hydra barely misses you.
Something hits you.
* * * LOW HITPOINT WARNING * * *
Casting: Agony (dangerous; 10% risk of failure)
Confirm with . or Enter, or press ? or * to list all spells.
Aiming: Vampiric Draining (safe; 1% risk of failure)
Press: ? - help, Shift-Dir - straight line, f/p - eight-headed hydra
Aim: an eight-headed hydra (severely wounded)
You draw life force from the eight-headed hydra.
You feel life coursing into your body. Malevolent energies surge around you.
The eight-headed hydra bites you.
* * * LOW HITPOINT WARNING * * *
The eight-headed hydra bites you.
* * * LOW HITPOINT WARNING * * *
The eight-headed hydra barely misses you.
The eight-headed hydra bites you!
* * * LOW HITPOINT WARNING * * *
The eight-headed hydra bites you.
* * * LOW HITPOINT WARNING * * *
The eight-headed hydra bites you but does no damage.
The eight-headed hydra bites you!
You die... #### #(# #... ... #... #.# #... ##### ##.## #... ###...# .yW

#...
#.##.#####l####
#.Z.
#.##.##.##D##.#
####ZZ.
#..)รทรท....@)..#
##..ZZ.Z
#.##.##.##{##.#
#..#####
####)#####.##.#
###Z##
#...##)..(###
#ZZ.# ##.########
####Z###
#'##########ZZZ.#
#...ZZZZ.Z.Z.####
##############


You could see an eight-headed hydra, a basilisk, a wraith and a vampire
mosquito.

Vanquished Creatures
  A centaur warrior (D:9)
  A boulder beetle (D:9)
  A wizard (D:9)
  A cyclops (D:9)
  The ghost of Smoky173 the Slasher, a novice MfGl of Ashenzari (D:4)
  2 trolls (D:9)
  A hornet (D:8)
  2 wyverns (D:9)
  A shadow (D:9)
  Eustachio (D:5)
  A steam dragon (D:8)
  6 yaks (D:9)
  Menkaure (D:7)
  2 water moccasins
  4 orc warriors
  An ice beast (D:7)
  2 black bears
  3 centaurs
  Blork the orc (D:5)
  3 kobold brigands
  A bullfrog (D:9)
  2 scorpions (D:5)
  4 wights (D:8)
  A killer bee (D:9)
  5 electric eels (D:8)
  2 howler monkeys
  A crimson imp (D:6)
  2 orc priests
  A jelly (D:8)
  A gnoll bouda (D:5)
  2 hounds (D:4)
  Ijyb (D:5)
  3 iguanas (D:5)
  4 orc wizards
  18 gnolls
  6 adders
  A shadow imp (D:8)
  4 white imps
  2 ufetubi
  3 dart slugs
  21 orcs
  5 bats
  7 endoplasms
  3 giant cockroaches
  3 goblins
  3 hobgoblins
  4 quokkas
  2 ball pythons
  4 frilled lizards
  18 kobolds
  8 rats
178 creatures vanquished.

Vanquished Creatures (collateral kills)
  An orc priest (D:9)
  3 orcs
  An endoplasm (D:2)
  A butterfly (D:7)
6 creatures vanquished.

Vanquished Creatures (others)
  A human zombie (D:9)
  A wyvern zombie (D:9)
  2 yak zombies (D:9)
  A killer bee zombie (D:9)
  2 gnoll zombies
  A kobold zombie (D:7)
  7 orc zombies (D:9)
  11 fungi (D:6)
  6 plants (D:8)
32 creatures vanquished.

Grand Total: 216 creatures vanquished

Notes
Turn   | Place    | Note
-------+----------+-------------------------------------------
     0 | D:1      | Bnni the Demonspawn Necromancer began the quest for the
                  | Orb.
     0 | D:1      | Reached XP level 1. HP: 13/13 MP: 3/3
   349 | D:1      | Gained mutation: Spells you cast may paralyse adjacent
                  | enemies. [demonic ancestry]
   349 | D:1      | Reached XP level 2. HP: 20/20 MP: 5/5
   827 | D:2      | Reached skill level 1 in Fighting
   827 | D:2      | Reached skill level 5 in Necromancy
   880 | D:2      | Reached XP level 3. HP: 26/26 MP: 6/6
   923 | D:2      | Learned a level 3 spell: Vampiric Draining
  1188 | D:2      | Gained mutation: You are partially covered in icy blue
                  | scales. (AC +2) [demonic ancestry]
  1188 | D:2      | Reached XP level 4. HP: 32/32 MP: 7/7
  1286 | D:2      | Learned a level 4 spell: Animate Dead
  1532 | D:3      | Found Keig's Weapon Shoppe.
  1999 | D:3      | Found Dimedag's General Store.
  2040 | D:3      | Reached skill level 1 in Short Blades
  2180 | D:4      | Found a runed translucent door.
  2180 | D:4      | Noticed a centaur
  2180 | D:4      | Noticed Smoky173's ghost (novice MfGl)
  2332 | D:4      | Found Amippal's Specific Store.
  2334 | D:4      | Found Wuuz's General Store.
  2344 | D:4      | Bought a potion of heal wounds for 50 gold pieces
  2348 | D:4      | Found Geocsam's Elemental Accessories.
  2378 | D:4      | Found Reuneh's Distillery.
  2686 | D:4      | Reached XP level 5. HP: 32/38 MP: 9/9
  2823 | D:4      | Killed Smoky173's ghost
  2824 | D:4      | Reached XP level 6. HP: 18/46 MP: 3/10
  2826 | D:4      | Gained mutation: You regenerate magic rapidly. [demonic
                  | ancestry]
  2826 | D:4      | Reached XP level 7. HP: 14/51 MP: 3/11
  2984 | D:5      | Entered Level 5 of the Dungeon
  2991 | D:5      | Found Wonokhaa's Weapon Boutique.
  2993 | D:5      | Found Gufrol's Magic Scroll Emporium.
  3041 | D:5      | Reached skill level 6 in Necromancy
  3041 | D:5      | Noticed Blork the orc
  3041 | D:5      | Noticed Eustachio
  3249 | D:5      | Killed Eustachio
  3253 | D:5      | Killed Blork the orc
  3397 | D:5      | Found Etsoj's Antique Weapon Shop.
  3599 | D:5      | Reached XP level 8. HP: 58/58 MP: 13/13
  3605 | D:5      | Learned a level 5 spell: Agony
  3682 | D:5      | Found Itilomee's Armour Emporium.
  3704 | D:5      | Reached skill level 5 in Stealth
  3704 | D:5      | Noticed Ijyb
  3739 | D:5      | Killed Ijyb
  3860 | D:5      | Reached skill level 1 in Armour
  4473 | D:6      | Found an opulent altar of Gozag.
  5073 | D:7      | Reached skill level 5 in Short Blades
  5211 | D:7      | Noticed Menkaure
  5220 | D:7      | Killed Menkaure
  5221 | D:7      | Gained mutation: You are mostly covered in icy blue scales.
                  | (AC +3) [demonic ancestry]
  5221 | D:7      | Reached XP level 9. HP: 35/65 MP: 10/15
  5423 | D:7      | Reached skill level 7 in Necromancy
  5596 | D:7      | Found a staircase to the Ecumenical Temple.
  5605 | Temple   | Entered the Ecumenical Temple
  6408 | D:8      | Identified the +2 plate armour of Uskayaw's Esteem {Harm
                  | Slay+3}
  6705 | D:8      | Reached skill level 5 in Spellcasting
  6895 | D:5      | Bought a +2 pair of gloves of stealth for 215 gold pieces
  6895 | D:5      | Bought a +0 cloak for 45 gold pieces
  7203 | D:9      | Reached skill level 5 in Fighting
  7341 | D:9      | Reached XP level 10. HP: 74/74 MP: 17/17
  7472 | D:9      | Reached skill level 8 in Necromancy
  7540 | D:9      | Found a staircase to the Lair.
  7819 | D:9      | Noticed a boulder beetle
  7822 | D:9      | Noticed a cyclops
  7825 | D:9      | Killed a cyclops
  7844 | D:9      | Noticed a wizard
  7850 | D:9      | Killed a boulder beetle
  7864 | D:9      | Noticed a centaur warrior
  7872 | D:9      | Killed a centaur warrior
  7873 | D:9      | Reached skill level 9 in Necromancy
  7875 | D:9      | Noticed a wizard
  7878 | D:9      | Killed a wizard
  7879 | D:9      | Noticed an eight-headed hydra
  7891 | D:9      | HP: 2/76 [eight-headed hydra (2)]
  7891 | D:9      | Slain by an eight-headed hydra

Illustrated notes

Levels and vault maps discovered:
D:1:      amcnicky_arrival_underground_garden, layout_basic
D:2:      minmay_recursive_quarters, layout_rooms
D:3:      layout_loops_ring, serial_shops, shop, nicolae_shop_trees
D:4:      layout_loops_ring, ebering_ghost_inner_flame, serial_shops,
          nicolae_take_the_stairs, nicolae_specific_store,
          nicolae_elemental_shop
D:5:      layout_loops_ring, serial_shops, nicolae_shop_waterfront,
          nicolae_shop_hallway_stairs, shop, nicolae_square_shop, uniq_ijyb,
          uniq_blork_the_orc, uniq_eustachio
D:6:      layout_rooms, mainiacjoe_overflow_cross_hatched,
          minmay_stone_trees_small, minmay_fire_ice_demons
D:7:      layout_rooms, minmay_temple_entry_butterflies, nrook_campfire,
          uniq_menkaure
D:8:      layout_rooms, serial_bayou, serial_bayou_ford_a, serial_bayou_pond_d,
          serial_bayou_pond_e, serial_bayou_lagoon_b,
          hangedman_decor_diamond_cutter
D:9:      hangedman_cross_veins, layout_basic, lair_entry_dummy
Temple:   nicolae_temple_bog_church

Skill      XL: |  1  2  3  4  5  6  7  8  9 10 |
---------------+-------------------------------+-----
Fighting       | 1 2 3 4 5 6 |  6.0
Necromancy     | 5 6 7 9 |  9.1
Stealth        | 2 3 4 6 7 8 |  8.8
Short Blades   | 1 2 3 5 6 7 |  7.7
Spellcasting   | 3 4 5 |  5.2
Armour         | 2 3 4 |  4.0
Dodging        | |  1.7

Action                   |  1- 3 |  4- 6 |  7- 9 | 10-12 || total
-------------------------+-------+-------+-------+-------++-------
Melee: Dagger            |    25 |    61 |   333 |    87 ||   506
       Punch             |     1 |       |     4 |     1 ||     6
 Fire: Sling             |    44 |       |       |       ||    44
Throw: Dart              |     4 |       |     1 |       ||     5
 Cast: Necrotise         |     3 |     4 |     9 |       ||    16
       Vampiric Draining |     1 |     3 |    22 |    11 ||    37
       Animate Dead      |       |       |    10 |     4 ||    14
       Agony             |       |       |       |     3 ||     3
Evoke: Wand              |       |       |     4 |       ||     4
  Use: Scroll            |       |     8 |     3 |       ||    11
       Potion            |       |     1 |     1 |     1 ||     3
 Stab: Sleeping          |       |     6 |    12 |     3 ||    21
       Distracted        |       |     1 |     2 |       ||     3
       Paralysed         |       |     2 |    27 |     6 ||    35
Armor: Robe              |     2 |    29 |     2 |       ||    33
       Leather armour    |       |       |    75 |    56 ||   131
Dodge: Dodged            |    16 |    26 |   148 |    61 ||   251

Table legend: (Time is in decaauts)
 A = Elapsed time spent in this place.
 B = Non-inter-level travel time spent in this place.
 C = Inter-level travel time spent in this place.
 D = Time resting spent in this place.
 E = Time spent auto-exploring this place.
 F = Levels seen in this place.
 G = Mean time per level.
                   A        B        C        D        E       F      G
               +--------+--------+--------+--------+--------+-----+--------+
         Total |   7852 |   7535 |    317 |    655 |   5447 |  10 |  785.2 |
       Dungeon |   7649 |   7352 |    297 |    655 |   5282 |   9 |  849.9 |
        Temple |    202 |    182 |     20 |      0 |    164 |   1 |  202.0 |
               +--------+--------+--------+--------+--------+-----+--------+

Top non-repeatable levels by time:
     D:5: 1105 daAuts
     D:8: 1062 daAuts
     D:4: 1002 daAuts
     D:7: 861 daAuts
     D:2: 836 daAuts
     D:6: 733 daAuts
     D:3: 714 daAuts
     D:9: 696 daAuts
     D:1: 636 daAuts
  Temple: 202 daAuts
